 Seeded DCSS version 0.27-a0-1228-gfd60fd639a (webtiles) character file.

Game seed: 49 (custom seed)

32 Snicker the Chopper (level 3, -15/30 HPs)
             Began as a Minotaur Gladiator on June 8, 2021.
             Demolished by Terence
             ... wielding a +1 hand axe of electrocution
              (18 damage)
             ... on level 2 of the Dungeon.
             The game lasted 00:03:19 (980 turns).

Snicker the Chopper (Minotaur Gladiator)             Turns: 980, Time: 00:03:20

Health: -15/30     AC:  3    Str: 18    XL:     3   Next: 10%
Magic:  2/2        EV: 12    Int:  5    God:
Gold:   43         SH:  0    Dex: 12    Spells: 2/2 levels left

rFire    . . .     SeeInvis .   e - +0 demon trident (flame)
rCold    . . .     Faith    .   (no shield)
rNeg     . . .     Spirit   .   b - +0 leather armour
rPois    .         Reflect  .   c - +0 hat
rElec    .         Harm     .   (no cloak)
rCorr    .         Rampage  .   (no gloves)
Will     .....                  (no boots)
Stlth    +.........             (no amulet)
HPRegen  0.10/turn              (no ring)
MPRegen  0.08/turn              (no ring)

@: no status effects
A: horns 2, retaliatory headbutt
a: no special abilities


You were on level 2 of the Dungeon.
You visited 1 branch of the dungeon, and saw 2 of its levels.

You collected 43 gold pieces.

Inventory:

Hand Weapons
 a - a +0 war axe
 e - a +0 demon trident of flaming (weapon)
Missiles
 d - 3 throwing nets (quivered)
Armour
 b - a +0 leather armour (worn)
 c - a +0 hat (worn)
Scrolls
 f - 2 scrolls of enchant armour {unknown}
 h - 3 scrolls of identify {unknown}
 i - a scroll of teleportation {unknown}
Potions
 g - a potion of curing {unknown}
 j - a potion of brilliance {unknown}


   Skills:
 + Level 2.6 Fighting
 - Level 3.9(4.0) Axes
 + Level 1.0(2.6) Polearms
 + Level 2.1 Throwing
 + Level 1.1 Armour
 + Level 3.8 Dodging


You had 2 spell levels left.
You didn't know any spells.
Your spell library was empty.

Dungeon Overview and Level Annotations

Branches:
Dungeon (2/15)

Altars:

Annotations:
D:2 Terence


Innate Abilities, Weirdness & Mutations

You have a pair of horns on your head.
You reflexively headbutt those who attack you in melee.


Message History

You kill the goblin!
Your Armour skill increases to level 1!
You see here a +0 dagger.
A bat comes into view.
A bat is nearby!
A bat is nearby!
A bat is nearby!
Found 21 stones.
The bat hits you but does no damage. The bat hits you but does no damage.
An endoplasm comes into view.
The bat barely misses you. You furiously retaliate!
You headbutt the bat!
You kill the bat!
Your base Polearms skill increases to level 1!
Found 5 gold pieces.
Found an escape hatch in the ceiling.
Found a stone staircase leading down.
Terence the Incautious comes into view.
He is wielding a +1 hand axe of electrocution.
Terence shouts!
The endoplasm freezes you.
You are frozen.
You hit the endoplasm. You burn the endoplasm.
The endoplasm is severely wounded.
The endoplasm freezes you.
You are frozen.
You hit the endoplasm. You burn the endoplasm.
You kill the endoplasm!
Reach: e) +0 demon trident (flame)
Press: ? - help, Dir - move target, f - Terence
Aim: Terence, wielding a +1 hand axe of electrocution and wearing a +0 chain mail (about 35% to evade your +0 demon trident of flaming)
You reach to attack!
You closely miss Terence.
Reach: e) +0 demon trident (flame)
Press: ? - help, Dir - move target, f/p - Terence
Aim: Terence, wielding a +1 hand axe of electrocution and wearing a +0 chain mail (about 35% to evade your +0 demon trident of flaming)
You puncture Terence! You burn Terence.
Terence is moderately wounded.
Terence hits you with a +1 hand axe of electrocution! x2
* * * LOW HITPOINT WARNING * * *
You are electrocuted!!
Ouch! That really hurt!
You die...

.... ...
...########
...............
..<............
#....#.........
#....#.........
+........(...>.
#......@@....$.
...............
###.#..........
#............
###.##.#+####
#......#+###
#.#..###.#.........
#.##....)#.........
#.##..###..........


You could see Terence.

Vanquished Creatures
  An adder (D:2)
  A ball python (D:1)
  4 bats
  An endoplasm (D:2)
  A giant cockroach (D:1)
  3 goblins
  A hobgoblin (D:1)
  4 kobolds
  2 quokkas (D:1)
  3 rats
21 creatures vanquished.

Notes
Turn   | Place    | Note
-------+----------+-------------------------------------------
     0 | D:1      | Snicker the Minotaur Gladiator began the quest for the Orb.
     0 | D:1      | Reached XP level 1. HP: 18/18 MP: 0/0
   118 | D:1      | Identified a scroll of acquirement
   118 | D:1      | Acquired a +0 demon trident of flaming
   254 | D:1      | Reached XP level 2. HP: 24/25 MP: 1/1
   911 | D:2      | Reached XP level 3. HP: 26/30 MP: 2/2
   959 | D:2      | Reached skill level 1 in Armour
   974 | D:2      | Reached skill level 1 in Polearms
   974 | D:2      | Noticed Terence
   980 | D:2      | Demolished by Terence

Illustrated notes

Levels and vault maps discovered:
D:1:      sevenhm_arrival_forest_fort_small_4, layout_loops_ring
D:2:      layout_basic, shapermc_ecumenical_altar_gd, serial_bayou_pond_e,
          uniq_terence

Skill      XL: |  1  2  3 |
---------------+----------+-----
Armour         | 1 |  1.1
Polearms       | 1 |  1.0
Fighting       | |  2.6
Axes           | |  3.9
Throwing       | |  2.1
Dodging        | |  3.8

Action                   || total
-------------------------++-------
Melee: War axe           ||     7
       Demon trident     ||    31
       Headbutt          ||     3
  Use: Scroll            ||     1
Armor: Leather armour    ||    12
Dodge: Dodged            ||    22

Table legend: (Time is in decaauts)
 A = Elapsed time spent in this place.
 B = Non-inter-level travel time spent in this place.
 C = Inter-level travel time spent in this place.
 D = Time resting spent in this place.
 E = Time spent auto-exploring this place.
 F = Levels seen in this place.
 G = Mean time per level.
                   A        B        C        D        E       F      G
               +--------+--------+--------+--------+--------+-----+--------+
         Total |    993 |    963 |     30 |      0 |    816 |   2 |  496.5 |
       Dungeon |    993 |    963 |     30 |      0 |    816 |   2 |  496.5 |
               +--------+--------+--------+--------+--------+-----+--------+

Top non-repeatable levels by time:
     D:1: 896 daAuts
     D:2: 97 daAuts
